 Dungeon Crawl Stone Soup version 0.28.0-43-g3370ac3207 (webtiles) character file.

Game seed: 12505341073397101732

1539 issech the Ducker (level 8, -3/70 HPs)
             Began as a Troll Monk on Mar 23, 2022.
             Was a Believer of Hepliaklqana.
             Succumbed to a gnoll sergeant's poison
             ... on level 6 of the Dungeon.
             The game lasted 00:15:55 (3684 turns).

issech the Ducker (Troll Monk)                      Turns: 3684, Time: 00:15:56

Health: -3/70      AC: 11    Str: 26    XL:     8   Next: 56%
Magic:  7/7        EV: 11    Int:  3    God:    Hepliaklqana [**....]
Gold:   203        SH:  0    Dex: 14    Spells: 7/7 levels left

rFire   . . .      SeeInvis +   s - +10 dagger "Zuowa" {flame, Int-3 SInv Stlth+}
rCold   . . .      Faith    .   (no shield)
rNeg    . . .      Spirit   .   b - +0 robe
rPois   .          Reflect  .   (helmet restricted)
rElec   .          Harm     .   q - +2 cloak
rCorr   .          Rampage  .   (gloves unavailable)
Will    .....                   (boots unavailable)
Stlth   +++.......              (no amulet)
HPRegen 1.01/turn               r - +4 ring of protection
MPRegen 0.10/turn               o - +6 ring of strength

@: lethally poisoned (-3 -> -18)
A: reduced essence, large, unfitting armour, claws 3, regeneration 1, shaggy fur
1, tough skin 1
a: Renounce Religion, Recall Ancestor, Ancestor Identity


You were on level 6 of the Dungeon.
You worshipped Hepliaklqana.
Hepliaklqana was pleased with you.
You visited 2 branches of the dungeon, and saw 7 of its levels.

You collected 203 gold pieces.

Inventory:

Hand Weapons
 a - a +0 mace
 k - a +1 spear of venom
 l - a +0 whip of pain
 p - a +2 quarterstaff of chaos
 s - the +10 dagger "Zuowa" (weapon) {flame, Int-3 SInv Stlth+}
   (You found it on level 4 of the Dungeon)

   It burns those it strikes, dealing additional fire damage.
   Int:       It affects your intelligence (-3).
   SInv:      It lets you see invisible.
   Stlth:     It makes you more stealthy.
 I - a +0 giant club
 M - a +0 giant spiked club
Missiles
 c - 81 stones (quivered)
 g - 44 sling bullets
 i - 34 arrows
 m - 40 bolts
Armour
 b - a +0 robe (worn)
 q - a +2 cloak (worn)
Jewellery
 j - a ring of poison resistance
 o - a +6 ring of strength (right claw)
 r - a +4 ring of protection (left claw)
 L - a ring of protection from fire
Wands
 B - a wand of acid (8)
 H - a wand of flame (8)
 J - a wand of iceblast (3)
Scrolls
 d - a scroll of fog {unknown}
 e - 2 scrolls of immolation {unknown}
 f - 4 scrolls of identify {unknown}
 n - a scroll of noise {unknown}
 t - a scroll of teleportation {unknown}
 v - 4 scrolls of enchant weapon {unknown}
 w - a scroll of vulnerability {unknown}
 y - 2 scrolls of blinking {unknown}
 C - a scroll of magic mapping {unknown}
 F - a scroll of amnesia {unknown}
 K - a scroll of holy word {unknown}
Potions
 h - 2 potions of mutation {unknown}
 u - a potion of degeneration {unknown}
 x - a potion of lignification {unknown}
 z - a potion of might {unknown}
 A - a potion of haste {unknown}
 D - 2 potions of ambrosia {unknown}
 E - a potion of curing {unknown}
 G - a potion of invisibility {unknown}


   Skills:
 + Level 4.2 Fighting
 + Level 3.6 Short Blades
 + Level 4.2(4.5) Maces & Flails
 + Level 2.1(3.2) Staves
 + Level 4.6 Dodging
 + Level 3.6 Stealth


You had 7 spell levels left.
You didn't know any spells.
Your spell library contained the following spells:

 Spells                   Type           Power      Damage    Failure   Level
 Magic Dart               Conj           0%         1d3       52%         1
 Summon Small Mammal      Summ           0%         N/A       52%         1
 Call Imp                 Summ           0%         N/A       67%         2
 Poisonous Vapours        Pois/Air       0%         N/A       67%         2
 Sublimation of Blood     Necr           0%         N/A       67%         2
 Call Canine Familiar     Summ           0%         N/A       88%         3
 Mephitic Cloud           Conj/Pois/Air  0%         N/A       88%         3
 Summon Guardian Golem    Hex/Summ       0%         N/A       88%         3
 Tukima's Dance           Hex            0%         N/A       88%         3
 Petrify                  Tmut/Erth      0%         N/A       99%         4
 Summon Ice Beast         Ice/Summ       0%         N/A       99%         4
 Alistair's Intoxication  Tmut/Pois      0%         N/A       100%        5
 Irradiate                Conj/Tmut      0%         3d14      100%        5
 Enfeeble                 Hex            0%         N/A       100%        7
 Necromutation            Tmut/Necr      0%         N/A       100%        8


Dungeon Overview and Level Annotations

Branches:
Dungeon (6/15)             Temple (1/1) D:5

Altars:
Dithmenos
Elyvilon
Hepliaklqana
Kikubaaqudgha
Makhleb
Nemelex Xobeh
Qazlal
Ru
Trog
Uskayaw
Wu Jian
Jiyva

Shops:
D:3 *


Innate Abilities, Weirdness & Mutations

Your life essence is reduced to manifest your ancestor. (-10% HP)
You are too large for most types of armour.
You have claws for hands.
Your natural rate of healing is unusually fast.
You are covered in fur. (AC +1)
You have tough skin. (AC +1)


Message History

The gnoll sergeant hits you but does no damage.
You are more poisoned.
You hit the gnoll sergeant but do no damage.
The gnoll sergeant is moderately wounded.
You feel very sick. The gnoll misses you.
The gnoll sergeant closely misses you.
You puncture the gnoll sergeant! You burn the gnoll sergeant.
The gnoll sergeant is heavily wounded.
You feel very sick. The gnoll misses you.
You hit the gnoll sergeant. You burn the gnoll sergeant.
The gnoll sergeant is severely wounded.
You feel very sick.
The gnoll sergeant hits you with a +1 spear of venom!
You are more poisoned.
Nindada points at the gnoll sergeant and mumbles some strange words.
The stone arrow hits the gnoll sergeant.
The gnoll misses you.
You hit the gnoll sergeant but do no damage.
The gnoll sergeant is severely wounded.
You feel very sick.
The gnoll sergeant hits you with a +1 spear of venom.
* * * LOW HITPOINT WARNING * * *
You are lethally poisoned!
Nindada casts a spell at the gnoll sergeant.
The stone arrow hits the gnoll sergeant!
The gnoll hits you with a +0 flail.
* * * LOW HITPOINT WARNING * * *
You swap places.
* * * LOW HITPOINT WARNING * * *
You feel extremely sick.
The gnoll sergeant hits Nindada with a +1 spear of venom!
Nindada hits the gnoll sergeant with a +0 quarterstaff!
The gnoll sergeant dies!
The gnoll hits Nindada with a +0 flail.
* * * LOW HITPOINT WARNING * * *
You feel extremely sick.
Nindada points at the gnoll and mumbles some strange words.
The puff of frost hits the gnoll.
The gnoll hits Nindada with a +0 flail!
You die...

#..†..)..##
#..).<##).##
#.....)....#
#....##.....#
......####..†.#
..#..# ##..####
..... ##.....##
..... #.......#
..##.
......##..@#
.....####..#
...... ##.#
...... #R#
...... #g)# ...
#...# .....#
.....## #...##


You could see the friendly Nindada the battlemage and a gnoll (ally target).

Vanquished Creatures
  Prince Ribbit (D:5)
  A necrophage (D:5)
  A phantom (D:5)
  2 bullfrogs
  A scorpion (D:6)
  3 orc priests
  4 hounds
  Crazy Yiuf (D:2)
  2 iguanas
  2 gnolls
  7 adders
  2 adder zombies (D:5)
  An adder skeleton (D:4)
  3 worms
  2 dart slugs (D:2)
  6 orcs
  7 bats
  2 endoplasms
  2 giant cockroaches
  7 goblins
  7 hobgoblins
  2 jackals
  3 quokkas
  5 ball pythons
  2 frilled lizards (D:3)
  10 kobolds
  4 rats
90 creatures vanquished.

Vanquished Creatures (collateral kills)
  A black bear (D:5)
  2 ogres (D:5)
  A gnoll sergeant (D:6)
  A scorpion (D:5)
  A water moccasin zombie (D:5)
  A gnoll shaman (D:5)
  A hound skeleton (D:5)
  3 gnolls
  An ufetubus (D:5)
  An orc (D:6)
13 creatures vanquished.

Vanquished Creatures (others)
  A wizard (D:3)
1 creature vanquished.

Grand Total: 104 creatures vanquished

Notes
Turn   | Place    | Note
-------+----------+-------------------------------------------
     0 | D:1      | issech the Troll Monk began the quest for the Orb.
     0 | D:1      | Reached XP level 1. HP: 22/22 MP: 0/0
    55 | D:1      | Reached XP level 2. HP: 29/29 MP: 1/1
   229 | D:1      | Reached XP level 3. HP: 36/36 MP: 2/2
   654 | D:2      | Got the Grimoire of Shifting Feathers
  1082 | D:2      | Reached XP level 4. HP: 45/45 MP: 3/3
  1091 | D:2      | Found a runed translucent door.
  1092 | D:2      | Noticed Crazy Yiuf
  1101 | D:2      | Killed Crazy Yiuf
  1226 | D:3      | You fall into a shaft and drop 1 floor!
  1312 | D:4      | Identified the +10 dagger "Zuowa" {flame, Int-3 SInv
                  | Stlth+}
  1433 | D:4      | Reached XP level 5. HP: 53/53 MP: 4/4
  1542 | D:3      | Found Puaphium's General Store.
  1803 | D:3      | Found a faded altar of an unknown god.
  1898 | D:3      | Found a burning altar of Makhleb.
  2132 | D:3      | Found a bloodstained altar of Trog.
  2134 | D:3      | Noticed a wizard
  2138 | D:3      | Killed a wizard
  2339 | D:4      | Reached XP level 6. HP: 47/61 MP: 5/5
  2451 | D:4      | Reached skill level 1 in Staves
  2718 | D:5      | Entered Level 5 of the Dungeon
  2724 | D:5      | Found a staircase to the Ecumenical Temple.
  2763 | D:5      | Reached skill level 1 in Short Blades
  2785 | D:5      | Noticed Prince Ribbit
  2805 | Temple   | Entered the Ecumenical Temple
  2927 | Temple   | Became a worshipper of Hepliaklqana the Forgotten
  2927 | Temple   | Reached * piety under Hepliaklqana
  2927 | Temple   | Reached ** piety under Hepliaklqana
  2928 | Temple   | Remembered your ancestor Nindada as a battlemage
  2976 | D:5      | Killed Prince Ribbit
  2977 | D:5      | Reached XP level 7. HP: 41/60 MP: 6/6
  3397 | D:5      | Got the Collected Works on Snow and the Oath
  3413 | D:5      | Reached XP level 8. HP: 67/70 MP: 7/7
  3683 | D:6      | HP: 1/70 [poisoned by a gnoll sergeant]
  3684 | D:6      | Succumbed to a gnoll sergeant's poison

Illustrated notes

Levels and vault maps discovered:
D:1:      wander_arrival_peaceful_grave, layout_basic
D:2:      layout_loops_ring, hangedman_feature_mirror, uniq_crazy_yiuf_cottage
D:3:      layout_loops_ring, bloody_makhleb, trog_wizard,
          chequers_ecumenical_altar_island, serial_shops, shop,
          hangedman_glass_teeth
D:4:      layout_cave_pools
D:5:      layout_basic, minmay_temple_entry_stoned_glass, grunt_ministairs_1,
          minmay_quadrilaterals, uniq_prince_ribbit1
D:6:      layout_cave_pools, mainiacjoe_overflow_brackets, serial_gnoll_camp,
          gnoll_camp_mini_basic, gnoll_camp_mini_hut, gnoll_camp_medium_02,
          gnoll_camp_huts_basic, gnoll_camp_mini_hut, kennysheep_crisscross,
          nicolae_shop_firing_range
Temple:   pf_slimified_temple

Skill      XL: |  1  2  3  4  5  6  7  8 |
---------------+-------------------------+-----
Maces & Flails | 3 4 |  4.2
Dodging        | 3 4 |  4.6
Fighting       | 3 4 |  4.2
Staves         | 1 2 |  2.1
Short Blades   | 1 2 3 |  3.6
Stealth        | 2 3 |  3.6

Action                   |  1- 3 |  4- 6 |  7- 9 || total
-------------------------+-------+-------+-------++-------
Melee: Mace              |   104 |     6 |       ||   110
       Punch             |     3 |     2 |     2 ||     7
       Quarterstaff      |       |    18 |       ||    18
       Dagger            |       |    71 |    65 ||   136
Invok: Ancestor Life: Ba |       |     1 |       ||     1
 Stab: Sleeping          |     1 |     5 |     2 ||     8
       Distracted        |       |       |     2 ||     2
Armor: Robe              |    69 |    45 |    26 ||   140
Dodge: Dodged            |    98 |    38 |    49 ||   185
